AoeStats
← DichterAnwal

Pilgrims

507901758Analyzed
4v4 RM · 12d ago on Sep 20, 2026· 41m 58s· 8 players
Game mode
Random Map
Map size
Large (8 player)
Population
200
Speed
Normal
Resources
Standard
Victory
Conquest
Starting age
Dark Age
Ending age
Imperial Age
RankedLock teamsTeams togetherTeam positionsShared explorationLock speedFull tech treeHidden civsTurbo modeCheats
Victory
Defeat
🇲🇽 Armenians · Mexico
1003
+13
🇦🇷 Burmese · Argentina
988
+13
🇩🇪 Burgundians · Germany
951
+15
🇭🇰 Mongols · Hong Kong SAR China
935
+16
🇦🇿 Tupi · Azerbaijan
1015
-17
🇨🇳 Mongols · China
919
-14
🇵🇪 Gurjaras · Peru
899
-13
🇦🇷 Goths · Argentina
889
-13
biodude
4:04 Loom
9:34 Feudal Age
11:01 Wheelbarrow
10:38 Double-Bit Axe
10:48 Fishing Lines
15:34 Castle Age
14:37 Gold Mining
15:22 Scale Mail Armor
15:52 Forging
16:15 Squires
16:20 Horse Collar
16:32 Pikeman
17:53 Iron Casting
17:20 Gillnets
17:54 Fervor
18:08 Sanctity
19:01 Stone Mining
20:05 Bow Saw
20:17 Redemption
21:38 Heavy Plow
23:04 Fletching
25:15 Man-at-Arms
27:27 Chain Mail Armor
32:50 Imperial Age
30:28 Bodkin Arrow
31:52 Halberdier
33:19 Padded Archer Armor
35:05 Gold Shaft Mining
35:15 Conscription
37:32 Bracer
37:54 Leather Archer Armor
37:48 Elite Composite Bowman
39:50 Chemistry
41:34 Fereters
DichterAnwal
6:08 Loom
13:10 Feudal Age
24:37 Castle Age
24:24 Wheelbarrow
23:43 Stone Mining
25:38 Stone Shaft Mining
34:31 Hand Cart
34:25 Horse Collar
37:24 Heavy Plow
37:19 Gold Mining
41:09 Imperial Age
39:29 Treadmill Crane
40:56 Burgundian Vineyards
41:52 Crop Rotation
42:03 Gold Shaft Mining
41:21 Double-Bit Axe
聖君阿耀
5:39 Loom
16:00 Feudal Age
17:55 Fletching
22:15 Castle Age
21:26 Wheelbarrow
22:59 Bloodlines
24:48 Bodkin Arrow
34:43 Double-Bit Axe
41:00 Horse Collar
QuesoRuso
3:41 Loom
13:00 Feudal Age
17:36 Castle Age
21:04 Horse Collar
22:02 Heavy Plow
24:53 Scale Barding Armor
25:36 Forging
27:08 Chain Barding Armor
29:13 Iron Casting
30:54 Husbandry
31:05 Bloodlines
34:27 Imperial Age
32:39 Wheelbarrow
32:52 Town Watch
34:38 Hand Cart
35:50 Conscription
35:08 Cavalier
35:08 Light Cavalry
36:28 Plate Barding Armor
36:55 Blast Furnace
38:05 Crop Rotation
37:02 Hussar
42:28 Gold Mining
I have Gun
8:47 Loom
13:42 Feudal Age
14:27 Champi Runner
14:56 Arson
15:21 Double-Bit Axe
15:17 Horse Collar
21:55 Castle Age
22:25 Champi Warrior
23:06 Squires
23:14 Scale Mail Armor
23:24 Forging
24:36 Chain Mail Armor
GoEchi
3:53 Loom
13:07 Feudal Age
13:34 Double-Bit Axe
13:39 Fishing Lines
13:54 Man-at-Arms
15:12 Gold Mining
16:16 Arson
20:24 Castle Age
19:24 Stone Mining
19:19 Horse Collar
20:45 Bloodlines
21:05 Gillnets
21:20 Husbandry
22:45 Padded Archer Armor
22:36 Fletching
22:10 Light Cavalry
24:43 Scale Mail Armor
24:53 Forging
27:35 Gold Shaft Mining
30:00 Scale Barding Armor
30:00 Heavy Plow
31:11 Bow Saw
33:05 Chain Barding Armor
33:21 Iron Casting
33:29 Stone Shaft Mining
32:50 Town Watch
33:48 Wheelbarrow
35:36 Town Patrol
35:55 Hand Cart
40:44 Imperial Age
38:33 Kshatriyas
40:49 Elite Shrivamsha Rider
40:52 Heavy Camel Rider
42:10 Plate Barding Armor
Matiquemero
7:02 Loom
15:07 Feudal Age
17:32 Feudal Age
22:22 Castle Age
22:11 Wheelbarrow
22:48 Double-Bit Axe
23:49 Bow Saw
27:14 Squires
26:40 Man-at-Arms
28:36 Forging
28:27 Scale Mail Armor
32:06 Pikeman
32:08 Long Swordsman
Kevin
2:53 Loom
Connection lost

Rejoining the realm…

Still unreachable

The connection could not be restored.

Session expired

The server has moved on; the page needs a fresh start.